 Dungeon Crawl Stone Soup version 0.30.1-11-g7821555f0a (webtiles) character file.

Game seed: 2287459102963293384

2471 jodaslayer1 the Basher (level 9, -1/57 HPs)
             Began as a Gargoyle Berserker on Dec 30, 2023.
             Was a Priest of Trog.
             Slain by a gnoll bouda
             ... wielding a +0 trident of venom
              (5 damage)
             ... on level 7 of the Dungeon.
             The game lasted 00:16:19 (6436 turns).

jodaslayer1 the Basher (Gargoyle Berserker)         Turns: 6436, Time: 00:16:20

Health: -1/57      AC: 20    Str: 25    XL:     9   Next: 51%
Magic:  9/9        EV:  9    Int:  8    God:    Trog [***...]
Gold:   353        SH:  0    Dex:  9    Spells: 8/8 levels left

rFire   . . .        a - +1 mace
rCold   . . .        (no shield)
rNeg    + . .        v - +0 chain mail
rPois   ∞            (no helmet)
rElec   +            (no cloak)
rCorr   .            (no gloves)
SInv    .            (no boots)
Will    .....        (no amulet) Stlth
                     p - +4 ring of protection
HPRegen 0.29/turn    (no ring)
MPRegen 0.11/turn

%: no passive effects
@: mighty, weakened, on berserk cooldown, slowed, very slow
A: sickness immunity, AC +6, negative energy resistance 1, electricity
resistance, torment resistance 1, petrification resistance
a: Renounce Religion, Berserk, Trog's Hand


You were on level 7 of the Dungeon.
You worshipped Trog.
Trog was most pleased with you.
You visited 2 branches of the dungeon, and saw 8 of its levels.

You collected 473 gold pieces.
You spent 120 gold pieces at shops.

Inventory:

Hand Weapons
 a - a +1 mace (weapon)
 b - the +7 Throatcutter {drain, coup de grace}
   (You found it on level 4 of the Dungeon)
Armour
 v - a +0 chain mail (worn)
Jewellery
 p - a +4 ring of protection (left hand)
Wands
 o - a wand of roots (7)
Scrolls
 e - 2 scrolls of enchant weapon
 j - a scroll of silence {unknown}
 l - 2 scrolls of noise
 m - a scroll of fear {unknown}
 r - a scroll of torment
 u - a scroll of summoning {unknown}
 w - a scroll of fog {unknown}
 x - a scroll of enchant armour {unknown}
Potions
 c - a potion of might
 d - 2 potions of brilliance
 g - a potion of curing
 k - a potion of flight {unknown}
 n - a potion of mutation {unknown}
 q - a potion of attraction {unknown}
 s - a potion of haste {unknown}
 t - 2 potions of lignification {unknown}


   Skills:
 + Level 7.5 Fighting
 - Level 0.4 Long Blades
 * Level 9.5 Maces & Flails
 + Level 6.2 Armour
 - Level 1.5 Dodging
 - Level 2.6 Evocations


You had 8 spell levels left.
You didn't know any spells.
Your spell library was empty.

Dungeon Overview and Level Annotations

Branches:
Dungeon (7/15)             Temple (1/1) D:5

Altars:
Cheibriados
Elyvilon
Hepliaklqana
Makhleb
Okawaru
Qazlal
Ru
Trog
Xom
Yredelemnul
Zin
The Shining One

Shops:
D:3 *


Innate Abilities, Weirdness & Mutations

You are immune to sickness and miasma.
Your stone body is resilient. (AC +6)
You are immune to poison.
You resist negative energy. (rN+)
You are resistant to electric shocks. (rElec)
You are resistant to unholy torment.
You are immune to petrification.


Message History

* * * LOW HITPOINT WARNING * * *
A sky beast appears from thin air!
Reactivating autopickup.
The wight hits you but does no damage.
You hit the wight.
The wight is moderately damaged.
The gnoll bouda closely misses you. The wight barely misses you.
A gnoll comes into view. It is wielding a +0 whip.
The wight hits you with a +3 falchion of freezing.
* * * LOW HITPOINT WARNING * * *
The wight freezes you.
* * * LOW HITPOINT WARNING * * *
The wight hits you with a +2 spear.
* * * LOW HITPOINT WARNING * * *
The gnoll bouda barks out a call to the hunt!
The gnolls pick up the pace!
You hit the wight but do no damage.
The wight is lightly damaged.
A wight comes into view. It is wielding a +0 halberd.
The wight hits you but does no damage. x2
The gnoll bouda hits you but does no damage.
The sky beast flickers out of sight!
Deactivating autopickup; reactivate with Ctrl-A.
The wight hits you but does no damage.
You thump the wight!
The wight is almost destroyed.
The gnoll bouda hits you from afar with a +0 trident of venom.
* * * LOW HITPOINT WARNING * * *
The wight hits you but does no damage.
The sky beast flickers out of sight!
The wight hits you but does no damage. The wight closely misses you.
A sky beast appears from thin air!
Reactivating autopickup.
The wight hits you but does no damage.
As you read the scroll labelled XESTROTZ NILIU, it crumbles to dust.
You feel a surge of unholy energy.
The gnoll bouda convulses!
The sky beast convulses!
Something is bathed in an unholy light!
It was a scroll of torment.
The wight hits you but does no damage. The wight completely misses you.
The wight hits you but does no damage.
The gnoll bouda hits you from afar with a +0 trident of venom.
You die...

~~..~§§#....#.#.#.#.#.#~~~##
§~~gg§§......§#.#.#.#.#~~~##
.≈≈≈≈#§...#.###...)....P~~..
g#.......... #..†......~..Y
........#.# #............h
#.g#.#####.#.##########
#...#§Y.......z.# ....#
###g#####.## ###
..###.z@.z..# #......z.....#
##############


You could see a sky beast, a gnoll sergeant (swift), a gnoll bouda and 3 wights.

Vanquished Creatures
  A steam dragon (D:7)
  A sky beast (D:6)
  3 black bears
  2 ogres (D:5)
  2 ice beasts
  A centaur (D:6)
  A phantom (D:5)
  2 bullfrogs (D:7)
  2 scorpions (D:5)
  4 killer bees (D:7)
  4 howler monkeys
  4 jellies
  2 hounds (D:5)
  4 sleepcaps
  Jessica (D:3)
  7 iguanas
  7 orc wizards
  A mummy (D:5)
  8 adders
  A gnoll (D:1)
  A white imp (D:7)
  An ufetubus (D:5)
  4 dart slugs
  25 orcs
  2 ball pythons
  4 endoplasms
  4 giant cockroaches
  9 goblins
  5 hobgoblins
  3 jackals (D:1)
  5 quokkas
  9 bats
  4 frilled lizards
  10 kobolds
  2 rats (D:1)
146 creatures vanquished.

Notes
Turn   | Place    | Note
-------+----------+-------------------------------------------
     0 | D:1      | jodaslayer1 the Gargoyle Berserker began the quest for the
                  | Orb.
     0 | D:1      | Reached XP level 1. HP: 14/14 MP: 1/1
    63 | D:1      | Reached XP level 2. HP: 19/19 MP: 2/2
   372 | D:1      | Reached skill level 4 in Maces & Flails
   386 | D:1      | You fall into a shaft and drop 1 floor!
   393 | D:2      | Found a bloodstained altar of Trog.
   425 | D:2      | Reached XP level 3. HP: 23/23 MP: 3/3
   985 | D:2      | Reached XP level 4. HP: 27/28 MP: 4/4
  1054 | D:2      | Reached ** piety under Trog
  1126 | D:2      | Reached skill level 5 in Maces & Flails
  1154 | D:2      | Found a faded altar of an unknown god.
  1403 | D:3      | Noticed Jessica
  1407 | D:3      | Killed Jessica
  1417 | D:3      | Reached XP level 5. HP: 32/32 MP: 5/5
  1641 | D:3      | Noticed an ice beast
  1652 | D:3      | Killed an ice beast
  1653 | D:3      | Reached skill level 6 in Maces & Flails
  1680 | D:3      | Reached XP level 6. HP: 37/37 MP: 6/6
  1787 | D:3      | Found Lurraet's Assorted Antiques.
  1795 | D:3      | Bought a brass ring for 120 gold pieces
  1926 | D:4      | Found the +7 Throatcutter {drain, coup de grace}
  2095 | D:4      | Reached *** piety under Trog
  2717 | D:5      | Entered Level 5 of the Dungeon
  2743 | D:5      | Reached skill level 1 in Evocations
  2781 | D:5      | Reached XP level 7. HP: 37/43 MP: 7/7
  2810 | D:5      | Found a white marble altar of Elyvilon.
  3201 | D:5      | Reached skill level 5 in Fighting
  3201 | D:5      | Reached skill level 7 in Maces & Flails
  3390 | D:5      | Found a stormy altar of Qazlal.
  3424 | D:5      | Found a staircase to the Ecumenical Temple.
  3622 | D:5      | Reached XP level 8. HP: 11/51 MP: 8/8
  3919 | D:5      | Found a snail-covered altar of Cheibriados.
  4053 | D:5      | Found a glowing golden altar of the Shining One.
  4264 | D:5      | Found a shimmering altar of Xom.
  4356 | Temple   | Entered the Ecumenical Temple
  4646 | D:6      | Reached skill level 8 in Maces & Flails
  4666 | D:6      | Reached skill level 5 in Armour
  4747 | D:6      | Reached XP level 9. HP: 43/56 MP: 9/9
  5086 | D:6      | Found a glowing silver altar of Zin.
  5254 | D:6      | Found a basalt altar of Yredelemnul.
  5976 | D:7      | Reached skill level 9 in Maces & Flails
  6149 | D:7      | Found a hazy altar of Hepliaklqana.
  6436 | D:7      | Slain by a gnoll bouda

Illustrated notes

Levels and vault maps discovered:
D:1:      arrival_zaba_pyramid, layout_rooms
D:2:      layout_basic, basic_altar,
          hellmonk_ecumenical_altar_pennies_from_heaven
D:3:      layout_rooms, serial_shops, shop, uniq_jessica
D:4:      layout_basic
D:5:      layout_gridville, mainiacjoe_overflow_alcove_2, slow_altar_2,
          amcnicky_altar_gilded, nicolae_qazlal_general_emergency,
          marbit_many_paths, minmay_temple_entry_overgrown
D:6:      layout_basic, zin_scriptorium, overflow_temple_1_default
D:7:      layout_loops_ring, grunt_gozag_statues,
          nicolae_hepliaklqana_hazy_memory, gammafunk_temple_overflow_wave,
          minmay_misc_feat_hallway, serial_bayou_pond_e, hangedman_misty_isle
Temple:   nicolae_temple_bog_church

Skill      XL: |  1  2  3  4  5  6  7  8  9 |
---------------+----------------------------+-----
Maces & Flails | 4 5 6 7 8 9 |  9.5
Fighting       | 4 5 6 7 |  7.5
Evocations     | 1 2 |  2.6
Armour         | 3 5 6 |  6.2
Long Blades    | |  0.4
Dodging        | |  1.5

Action                     |  1- 3 |  4- 6 |  7- 9 || total
---------------------------+-------+-------+-------++-------
  Melee: Mace              |    85 |   137 |   343 ||   565
         Punch             |       |     1 |     5 ||     6
         Long sword        |       |    16 |       ||    16
 Invoke: Berserk           |     1 |     2 |     7 ||    10
         Trog's Hand       |       |     1 |     4 ||     5
    Use: Scroll            |       |     3 |     4 ||     7
         Potion            |       |       |     2 ||     2
 Armour: Animal skin       |    28 |       |       ||    28
         Ring mail         |     9 |    80 |    91 ||   180
         Chain mail        |       |       |   155 ||   155
  Dodge: Dodged            |    64 |    83 |   171 ||   318
